AoeStats
← Infadel

Four Lakes

509753192Analyzed
1v1 RM · 4d ago on Sep 27, 2026· 40m 55s· 2 players
Game mode
Random Map
Map size
Tiny (2 player)
Population
200
Speed
Normal
Resources
Standard
Victory
Conquest
Starting age
Dark Age
Ending age
Imperial Age
RankedLock teamsTeams togetherTeam positionsShared explorationLock speedFull tech treeHidden civsTurbo modeCheats
Victory
Defeat
🇦🇷 Magyars · Argentina
1114
+16
🇮🇳 Franks · India
1122
-16
totekazee
7:45 Loom
11:28 Feudal Age
11:58 Double-Bit Axe
11:38 Man-at-Arms
12:08 Fishing Lines
13:29 Arson
19:41 Castle Age
18:28 Horse Collar
18:40 Gold Mining
19:40 Scale Mail Armor
20:09 Bloodlines
20:09 Scale Barding Armor
20:44 Pikeman
22:32 Gillnets
26:16 Gold Shaft Mining
26:19 Wheelbarrow
26:13 Husbandry
26:15 Stone Mining
29:01 Chain Barding Armor
29:27 Ballistics
30:01 Hand Cart
29:35 Town Watch
31:44 Fletching
33:43 Padded Archer Armor
35:06 Thumb Ring
35:39 Murder Holes
39:28 Imperial Age
38:19 Corvinian Army
38:24 Bodkin Arrow
39:45 Leather Archer Armor
40:37 Conscription
40:48 Parthian Tactics
39:46 Cavalier
Infadel
11:09 Feudal Age
9:26 Loom
11:51 Double-Bit Axe
15:06 Forging
18:00 Scale Barding Armor
23:33 Castle Age
22:30 Scale Mail Armor
23:02 Gold Mining
23:02 Stone Mining
24:03 Pikeman
27:59 Town Watch
29:40 Gold Shaft Mining
29:43 Wheelbarrow
32:06 Hand Cart
34:33 Iron Casting
33:49 Fletching
35:37 Chain Barding Armor
35:42 Pikeman
42:20 Imperial Age
41:30 Bow Saw
Connection lost

Rejoining the realm…

Still unreachable

The connection could not be restored.

Session expired

The server has moved on; the page needs a fresh start.